 Dungeon Crawl Stone Soup version 0.17-a0-1942-g46ae386 (webtiles) character file.

47660 Holeefuk the Carver (level 14, 111/111 HPs)
             Began as a Formicid Fighter on Sept 30, 2015.
             Was a High Priest of the Shining One.
             Got out of the dungeon alive.
             The game lasted 01:26:20 (17303 turns).

Holeefuk the Carver (Formicid Fighter)             Turns: 17303, Time: 01:26:20

Health: 111/111    AC: 32    Str: 24    XL:     14   Next: 82%
Magic:  22/22      EV:  7    Int: 10    God:    the Shining One [*****.]
Gold:   646        SH: 17    Dex: 10    Spells: 1 memorised, 11 levels left

rFire  + . .     SeeInvis +     K - +2 scimitar (elec)
rCold  . . .     Clarity  .     C - +12 plate armour of Patterns {rC+}
rNeg   + + .     SustAt   .     W - +0 large shield
rPois  .         Gourm    .     (helmet unavailable)
rElec  .         Spirit   +     Q - +1 cloak
rCorr  .         Warding  .     (no gloves)
rMut   .         Stasis   +     (no boots)
MR     +....                    O - amulet of guardian spirit
Stlth  ..........               T - ring of fire
                                w - +3 ring of protection

@: glowing, somewhat resistant to hostile enchantments, extremely unstealthy
A: permanent stasis, dig shafts and tunnels, four strong arms, antennae 3
a: Dig, Shaft Self, Divine Shield, Cleansing Flame, Summon Divine Warrior,
Renounce Religion


You escaped.
You worshipped the Shining One.
The Shining One was extremely pleased with you.
You were not hungry.

You visited 3 branches of the dungeon, and saw 19 of its levels.
You also visited: Labyrinth and Sewer.

You collected 1247 gold pieces.
You spent 601 gold pieces at shops.

Inventory:

Hand weapons
 K - a +2 scimitar of electrocution (weapon)
 M - a +0 scimitar of flaming
Armour
 C - the +12 plate armour of Patterns (worn) {rC+}
   (You found it on level 6 of the Dungeon)

   It protects you from cold.
 Q - a +1 cloak (worn)
 W - a +0 large shield (worn)
Jewellery
 i - an uncursed ring of sustain attributes
 w - a +3 ring of protection (left hand)
 y - an uncursed ring of poison resistance
 O - an amulet of guardian spirit (around neck)
 T - a ring of fire (right hand)
Magical devices
 c - a wand of lightning (2)
 r - a wand of disintegration (2)
 z - a wand of lightning (7)
 E - a wand of fireball (8)
 H - a wand of disintegration (16)
Scrolls
 b - 3 scrolls of amnesia
 f - 13 scrolls of identify
 g - 4 scrolls of fog
 h - 10 scrolls of remove curse
 k - 2 scrolls of recharging
 m - a scroll of fear
 n - 2 scrolls of enchant weapon
 t - 3 scrolls of enchant armour
 J - 2 scrolls of brand weapon
Potions
 a - a potion of resistance {unknown}
 d - 3 potions of might
 l - 7 potions of curing
 p - 3 potions of flight
 s - 9 potions of heal wounds
 u - 2 potions of brilliance
 v - a potion of agility
 x - 2 potions of cancellation
 D - 3 potions of magic
Miscellaneous
 S - a legendary deck of summoning
Comestibles
 e - 5 bread rations
 j - 6 meat rations
 o - 2 beef jerkies
 A - 32 fruits
 B - 9 slices of pizza


   Skills:
 - Level 10.4 Fighting
 - Level 14.0 Long Blades
 - Level 10.0 Armour
 - Level 5.2 Dodging
 - Level 9.4 Shields
 * Level 11.3 Earth Magic
 - Level 11.0 Invocations


You had 11 spell levels left.
You knew the following spells:

 Your Spells              Type           Power        Failure   Level  Hunger
a - Stoneskin             Trmt/Erth      ##......     99%         2    ###....


Dungeon Overview and Level Annotations

Branches:
Dungeon (15/15)            Temple (1/1) D:4            Lair (3/8) D:10
    Orc (0/4) D:12         Vaults (0/5) D:14         Depths (0/5) D:15
  Swamp: Lair:3-6    Shoals: Lair:3-6     Snake: Lair:3-6    Spider: Lair:3-6

Altars:
Ashenzari
Cheibriados
Dithmenos
Elyvilon
Fedhas
Gozag
Kikubaaqudgha
Makhleb
Nemelex Xobeh
Okawaru
Qazlal
Ru
Sif Muna
Trog
Vehumet
Xom
Yredelemnul
Zin
The Shining One

Shops:
D:6 }*(!%   D:7 ?

Annotations:
D:9 exclusion: 2 doors
D:13 Azrael, Rupert


Innate Abilities, Weirdness & Mutations

You are under a permanent stasis effect.
You can dig through walls and to a lower floor.
Your four strong arms can wield two-handed weapons with a shield.
You have a pair of large antennae on your head (SInv).


Message History

(D) Dungeon (T) Temple (L) Lair (O) Orcish Mines (V) Vaults (U) Depths
Where to? (Enter - D:1, ? - help)
What level of the Dungeon? (default 1, ? - help) You're already here!
Casting: Stoneskin
Confirm with . or Enter, or press ? or * to list all spells.
Okay, then.
Unknown command.
Press: ? - help, v - describe, . - travel The floor.
This square is lit by a halo.
Press: ? - help, v - describe, . - travel The floor.
This square is lit by a halo.
There is an open door here.
There is an open door here.
There is a staircase leading out of the dungeon here.
Are you sure you want to leave the Dungeon?
This will make you lose the game!
You have escaped!

#.#.#............##≈♣P≈≈P♣.≈≈♣P≈
#.#.#.##.####.#####≈P.≈≈♣.♣≈≈P.≈
##.#.#.##)# #.# #≈♣P≈≈♣P♣≈≈..≈
...#.#.##.# #.# #≈.♣≈≈♣PP≈≈PP≈
####.#.##.# #.# #≈P.≈≈♣♣♣≈≈P.≈
#.#.##.####.#####≈PP≈≈≈≈≈≈≈♣♣≈
#.#.##....#.#...#≈♣♣≈.....≈PP≈
####.#.#####.#.#...#≈≈≈≈.###.≈≈≈≈
.†.............#@..'.....#§#.....
####.#.#####.###...#≈≈≈≈.###.≈≈≈≈
#.#.....#.# #...#≈♣P≈.....≈♣♣≈
####.#####.#.# #####≈P.≈≈≈≈≈≈≈♣P≈
...........#.#### #≈P♣≈≈P♣♣≈≈♣P≈
##.....#........# #≈P.≈≈PP♣≈≈♣♣≈
#......(.......# #≈PP≈≈PPP≈≈P♣≈
#.....#........# #≈P♣≈≈♣P♣≈≈♣♣≈
#######........#


There were no monsters in sight!

Vanquished Creatures
  Maud (D:14)
  8 vault guards (D:14)
  A fire dragon (D:15)
  A minotaur (Lab)
  An ogre mage (D:15)
  An ice dragon (D:15)
  3 hydras
  4 centaur warriors
  Erolcha (D:13)
  A tengu warrior (D:13)
  2 unseen horrors (D:13)
  2 hill giants
  An orc knight (D:14)
  5 ugly things
  4 cyclopes
  A manticore (D:15)
  Joseph (Lair:1)
  3 spiny frogs
  2 gargoyles
  A kobold demonologist (D:13)
  3 trolls
  2 tengu conjurers (D:13)
  An efreet (D:13)
  3 komodo dragons
  A hornet zombie (D:13)
  5 two-headed ogres (D:15)
  6 slime creatures
  2 vampires (D:13)
  32 yaks
  A shadow (D:13)
  2 deep elf magi
  A deep elf fighter (D:14)
  A basilisk (D:15)
  5 fire elementals (D:12)
  A wyvern (D:11)
  2 hippogriffs
  A trapdoor spider (D:15)
  A hungry ghost (D:12)
  2 mottled dragons
  A porcupine (Lair:2)
  A water moccasin (D:10)
  A soldier ant (D:10)
  An eye of draining (D:8)
  3 sky beasts
  5 ogres
  2 wasps
  6 crocodiles
  8 orc warriors
  7 ice beasts
  A hell hound (D:12)
  A boggart (D:13)
  A necrophage (D:9)
  11 centaurs
  7 big kobolds
  12 giant frogs
  2 gnoll sergeants
  2 wyvern zombies
  3 scorpions
  19 killer bees
  13 wights
  5 jellies
  4 centaur zombies
  4 crimson imps
  7 hounds
  6 orc priests
  6 centaur skeletons
  Jessica (D:3)
  2 iguanas
  7 worker ants
  10 orc wizards
  6 sheep
  A worker ant zombie (D:5)
  Robin (D:3)
  14 gnolls
  11 adders
  15 river rats
  2 shadow imps
  An ooze (D:5)
  2 adder zombies
  An adder skeleton (D:6)
  4 worms
  12 giant geckos
  51 orcs
  5 ball pythons
  17 goblins
  14 hobgoblins
  7 bats
  3 giant cockroaches
  2 giant newts
  2 jackals (D:10)
  A jackal skeleton (D:5)
  34 kobolds
  2 quokkas
  A quokka zombie (D:5)
  35 rats
519 creatures vanquished.

Vanquished Creatures (others)
  A killer bee (D:13)
  An orc (D:14)
  2 plants (Lair:1)
4 creatures vanquished.

Grand Total: 523 creatures vanquished

Notes
Turn   | Place    | Note
--------------------------------------------------------------
     0 | D:1      | Holeefuk the Formicid Fighter began the quest for the Orb.
     0 | D:1      | Reached XP level 1. HP: 18/18 MP: 1/1
   157 | D:1      | Reached skill level 1 in Dodging
   180 | D:1      | Reached XP level 2. HP: 22/24 MP: 2/2
   639 | D:1      | Reached XP level 3. HP: 22/29 MP: 3/3
  1299 | D:2      | Found a basalt altar of Yredelemnul.
  1299 | D:2      | Found a bloodstained altar of Trog.
  1515 | D:3      | Found a bloodstained altar of Trog.
  1567 | D:3      | Reached XP level 4. HP: 35/35 MP: 4/4
  1879 | D:3      | Noticed Robin
  1890 | D:3      | Reached skill level 4 in Long Blades
  1905 | D:3      | Killed Robin
  1905 | D:3      | Reached XP level 5. HP: 41/41 MP: 5/5
  1918 | D:3      | Noticed Jessica
  1940 | D:3      | Killed Jessica
  1993 | D:3      | Found a glowing drain.
  1997 | Sewer    | Entered a sewer
  2217 | Sewer    | Reached XP level 6. HP: 29/47 MP: 6/6
  3731 | D:4      | Found a staircase to the Ecumenical Temple.
  3807 | Temple   | Entered the Ecumenical Temple
  3896 | Temple   | Became a worshipper of the Shining One
  4025 | D:4      | Found a snail-covered altar of Cheibriados.
  4105 | D:4      | Reached XP level 7. HP: 55/55 MP: 7/7
  4170 | D:4      | Reached skill level 5 in Long Blades
  4408 | D:5      | Entered Level 5 of the Dungeon
  4565 | D:5      | Reached skill level 6 in Long Blades
  4612 | D:5      | Reached XP level 8. HP: 46/61 MP: 8/8
  4629 | D:5      | Reached skill level 7 in Long Blades
  4832 | D:5      | Reached skill level 8 in Long Blades
  4842 | D:5      | HP: 2/61 [killer bee (2)]
  4870 | D:5      | HP: 1/61 [centaur/arrow (6)]
  5172 | D:6      | Reached skill level 9 in Long Blades
  5202 | D:6      | Acquired the Shining One's first power
  5210 | D:6      | Found Foyreq's Food Emporium.
  5232 | D:6      | Reached skill level 5 in Fighting
  5331 | D:6      | Reached XP level 9. HP: 47/68 MP: 9/9
  5545 | D:6      | Found Nant's Antique Weapon Shoppe.
  5631 | D:6      | Found Heliros's Assorted Antiques.
  5645 | D:6      | Bought a scroll labeled RYXIOPLONNIC for 27 gold pieces
  5682 | D:6      | Found Suxil's Distillery.
  5906 | D:6      | Found Qoikhena's Gadget Shop.
  5916 | D:6      | Got a faintly humming plate armour
  5927 | D:6      | Identified the +12 plate armour of Patterns {rC+} (You found it on level 6 of the Dungeon)
  6164 | D:7      | Found Deym's Magic Scroll Boutique.
  6174 | D:7      | Bought a scroll of magic mapping for 49 gold pieces
  6474 | D:7      | Reached skill level 5 in Armour
  6730 | D:8      | Reached skill level 5 in Shields
  6827 | D:8      | Found a glowing silver altar of Zin.
  7051 | D:8      | Reached XP level 10. HP: 66/77 MP: 10/10
  7697 | D:9      | Acquired the Shining One's second power
  8193 | D:9      | Reached skill level 5 in Dodging
  8516 | D:9      | Reached XP level 11. HP: 51/86 MP: 11/11
  8596 | D:10     | Entered Level 10 of the Dungeon
  8794 | D:10     | Found a staircase to the Lair.
  8803 | D:10     | Reached skill level 1 in Invocations
  9063 | D:10     | Reached skill level 5 in Invocations
  9493 | D:11     | Noticed a six-headed hydra
  9551 | Lair:1   | Entered Level 1 of the Lair of Beasts
  9559 | Lair:1   | Reached skill level 10 in Long Blades
  9592 | Lair:1   | Noticed Joseph
  9592 | Lair:1   | Acquired the Shining One's third power
  9756 | Lair:1   | Killed Joseph
  9861 | Lair:1   | Reached skill level 10 in Fighting
  9870 | Lair:1   | Reached XP level 12. HP: 74/97 MP: 15/17
 10300 | Lair:2   | Noticed a six-headed hydra
 10656 | D:11     | Found a radiant altar of Vehumet.
 10824 | D:11     | Noticed a brown ugly thing
 10847 | D:11     | Killed a brown ugly thing
 11072 | D:11     | Noticed a cyclops
 11098 | D:11     | Killed a cyclops
 11144 | D:11     | Reached skill level 10 in Armour
 11874 | D:12     | Found a labyrinth entrance.
 11877 | D:12     | Found a staircase to the Orcish Mines.
 11883 | Lab      | Entered a labyrinth
 12116 | Lab      | Found an exit through the horrors of the Abyss.
 12498 | Lab      | Noticed a minotaur
 12518 | Lab      | Killed a minotaur
 12585 | Lab      | Identified the Volume of the Snowflakes
 12585 | Lab      | Identified the Grimoire of Igneous Confrontation
 13179 | D:12     | Reached skill level 11 in Long Blades
 13572 | D:13     | Reached XP level 13. HP: 99/104 MP: 19/19
 13644 | D:13     | Reached skill level 12 in Long Blades
 13699 | D:13     | Acquired the Shining One's fourth power
 13734 | D:13     | Noticed a centaur warrior
 13735 | D:13     | Noticed Erolcha
 13747 | D:13     | Killed a centaur warrior
 13803 | D:13     | Reached skill level 13 in Long Blades
 13875 | D:13     | Noticed Azrael
 14205 | D:13     | Noticed a tengu warrior
 14218 | D:13     | Killed a tengu warrior
 14258 | D:13     | Reached skill level 14 in Long Blades
 14264 | D:13     | Learned a level 2 spell: Stoneskin
 14298 | D:13     | Reached skill level 1 in Earth Magic
 14352 | D:13     | Noticed a fire dragon
 14393 | D:13     | Noticed Rupert
 14500 | D:13     | Killed Erolcha
 14515 | D:14     | Noticed a vault guard
 14515 | D:14     | Noticed a vault guard
 14515 | D:14     | Noticed a vault guard
 14517 | D:14     | Noticed a vault guard
 14560 | D:14     | Killed a vault guard
 14563 | D:14     | Noticed a vault guard
 14566 | D:14     | Noticed a vault guard
 14587 | D:14     | Killed a vault guard
 14600 | D:14     | Killed a vault guard
 14600 | D:14     | Reached skill level 10 in Invocations
 14610 | D:14     | Killed a vault guard
 14610 | D:14     | Reached XP level 14. HP: 83/111 MP: 18/21
 14714 | D:14     | Killed a vault guard
 14718 | D:14     | Noticed a vault guard
 14747 | D:14     | Noticed a vault guard
 14759 | D:14     | Killed a vault guard
 14781 | D:14     | Found a deep blue altar of Sif Muna.
 14790 | D:14     | Reached skill level 5 in Earth Magic
 14973 | D:14     | Killed a vault guard
 15132 | D:14     | Killed a vault guard
 15172 | D:14     | Found a gate to the Vaults.
 15202 | D:14     | Noticed Maud
 15218 | D:14     | Killed Maud
 15372 | D:15     | Entered Level 15 of the Dungeon
 15606 | D:15     | HP: 5/111 [ice dragon/blast of cold (23)]
 15836 | D:15     | Found a staircase to the Depths.
 15878 | D:15     | Reached skill level 10 in Earth Magic
 16333 | D:13     | You fall through a shaft for 2 floors!
 16818 | D:11     | Killed a two-headed hydra
 16944 | D:9      | Noticed a three-headed hydra
 16953 | D:9      | Killed a one-headed hydra
 17118 | D:6      | Bought a runed demon blade for 525 gold pieces
 17303 | D:$      | Got out of the dungeon alive.

Vault maps used:
D:1:      lightli_arrival_farm
D:2:      gammafunk_temple_overflow_statue, first_bread
D:3:      gup_sewer_entry_spiral, minmay_misc_feat_alley, bloody_trog,
          uniq_robin, uniq_jessica
D:4:      kennysheep_little_box, temple_doors_c
D:6:      serial_shops, nicolae_shop_stone, shop, nicolae_shop_trees,
          kennysheep_mini_moat, shop
D:7:      serial_shops, nicolae_shop_competitors_out_of_business
D:8:      basic_altar, roderic_three_in_a_row
D:9:      hangedman_ranch
D:10:     due_lair_maze_entry_diamond
D:11:     basic_altar
D:12:     orc_0_dummy, serial_glass, glass_columns_a, glass_columns_a,
          lab_entry_generic
D:13:     hangedman_cross_cluster, uniq_rupert, uniq_erolcha, uniq_azrael
D:14:     erik_vaults_2, infiniplex_staircase_diamond, basic_altar, uniq_maud
D:15:     grunt_enter_depths_hoard, hangedman_decor_opposing
Temple:   nicolae_temple_elliptical
Lair:1:   serial_bayou_lagoon_a, serial_bayou_shore_b, lemuel_fruit_tree,
          infiniplex_staircase_pool, uniq_joseph
Lair:2:   minmay_lair_oklob_tunnel, grunt_megastairs_4, serial_bayou_shore_b,
          uniq_harold
Lab:      lab_statue, labyrinth_skeletal_remains, labyrinth_fake_exit
Sewer:    sewer_minmay_treatment

Action                   |  1- 3 |  4- 6 |  7- 9 | 10-12 | 13-15 || total
-------------------------+-------+-------+-------+-------+-------++-------
Melee: Long sword        |   151 |   364 |   417 |   702 |       ||  1634
       Scimitar          |       |       |       |   418 |   556 ||   974
Invok: Divine Shield     |       |       |       |     1 |       ||     1
 Abil: Dig               |     1 |     8 |     4 |    26 |    14 ||    53
       Shaft Self        |       |       |       |       |     1 ||     1
Evoke: Wand              |       |       |       |       |     2 ||     2
  Use: Potion            |       |       |     3 |     3 |     1 ||     7
       Scroll            |       |       |     4 |    19 |     1 ||    24
  Eat: Chunk             |     2 |     9 |    11 |    18 |     4 ||    44
       Fruit             |       |       |     1 |     1 |     2 ||     4
       Royal jelly       |       |       |       |     1 |       ||     1
       Pizza             |       |       |       |     1 |       ||     1
       Meat ration       |       |       |       |       |     1 ||     1
       Bread ration      |       |       |       |       |     1 ||     1
       Beef jerky        |       |       |       |       |     1 ||     1
